AoeStats
← skusky

Arabia

508236297Analyzed
1v1 RM · 12d ago on Sep 21, 2026· 47m 25s· 2 players
Game mode
Random Map
Map size
Tiny (2 player)
Population
200
Speed
Normal
Resources
Standard
Victory
Conquest
Starting age
Dark Age
Ending age
Imperial Age
RankedLock teamsTeams togetherTeam positionsShared explorationLock speedFull tech treeHidden civsTurbo modeCheats
Victory
Defeat
🇫🇷 Teutons · France
1070
+17
🇸🇪 Magyars · Sweden
1087
-17
skusky
5:51 Loom
8:56 Feudal Age
27:01 Castle Age
27:37 Fletching
28:16 Double-Bit Axe
29:08 Horse Collar
29:47 Bodkin Arrow
29:58 Scale Barding Armor
30:21 Bloodlines
33:03 Heavy Plow
33:29 Gold Mining
34:07 Stone Mining
34:42 Chain Barding Armor
34:32 Forging
37:01 Iron Casting
38:54 Wheelbarrow
38:39 Bow Saw
39:59 Town Watch
40:08 Pikeman
42:08 Stone Shaft Mining
45:06 Guard Tower
Bonsai
6:06 Loom
10:17 Feudal Age
17:56 Town Watch
32:54 Castle Age
Connection lost

Rejoining the realm…

Still unreachable

The connection could not be restored.

Session expired

The server has moved on; the page needs a fresh start.